 Dungeon Crawl Stone Soup version 0.17-a0-1713-gdf939a4 (webtiles) character file.

242 Dargon the Ruffian (level 5, -2/46 HPs)
             Began as a Draconian Transmuter on Aug 23, 2015.
             Slain by a gnoll
             ... wielding a +0 halberd
              (9 damage)
             ... on level 3 of the Dungeon.
             The game lasted 00:12:48 (2406 turns).

Dargon the Ruffian (Draconian Transmuter)           Turns: 2406, Time: 00:12:48

Health: -2/46      AC:  2    Str: 16    XL:     5   Next: 81%
Magic:  2/8        EV: 19    Int: 13    God:
Gold:   163        SH:  0    Dex: 17    Spells: 2 memorised, 4 levels left

rFire  . . .     SeeInvis .       - Unarmed
rCold  . . .     Clarity  .     (armour unavailable)
rNeg   . . .     SustAt   .     (shield currently unavailable)
rPois  x         Gourm    .     (helmet currently unavailable)
rElec  .         Spirit   .     (cloak currently unavailable)
rCorr  .         Warding  .     (gloves currently unavailable)
rMut   .         Stasis   .     (boots currently unavailable)
MR     .....                    (no amulet)
Stlth  ++........               (no ring)
                                h - +3 ring of strength

@: spider-form (expiring), very slightly contaminated, not resistant to hostile
enchantments, unstealthy
A: unfitting armour, (cold-blooded), AC +5
a: End Transformation


You were on level 3 of the Dungeon.
You were not hungry.
You were a venomous arachnid creature.
You visited 1 branch of the dungeon, and saw 3 of its levels.

You collected 163 gold pieces.

Inventory:

Hand weapons
 e - a +2 dagger of venom (melded)
Missiles
 a - 36 arrows
Armour
 p - a +0 cloak (melded)
Jewellery
 h - a +3 ring of strength (left front leg)
 k - an uncursed ring of flight {unknown}
 n - a +3 ring of evasion {unknown}
Scrolls
 g - a scroll of blinking
Potions
 d - a potion of heal wounds {unknown}
 f - a potion of lignification
 i - a potion of flight
 l - a potion of ambrosia {unknown}
Books
 b - a book of Changes

   Spells                             Type                      Level
   a - Beastly Appendage              Transmutation                1
   b - Sticks to Snakes               Transmutation                2
   c - Spider Form                    Transmutation/Poison         3
   d - Ice Form                       Ice/Transmutation            4
   e - Blade Hands                    Transmutation                5
Comestibles
 c - 2 bread rations
 j - 3 chunks of flesh
 m - a beef jerky


   Skills:
 + Level 3.7 Fighting
 - Level 1.7 Dodging
 * Level 5.6 Unarmed Combat
 - Level 2.0 Spellcasting
 - Level 2.0 Transmutations


You had 4 spell levels left.
You knew the following spells:

 Your Spells              Type           Power        Failure   Level  Hunger
a - Beastly Appendage     Trmt           #.....       28%         1    ##.....
b - Spider Form           Trmt/Pois      #.........   73%         3    ####...


Dungeon Overview and Level Annotations

Branches:
Dungeon (3/15)

Altars:
Fedhas


Innate Abilities, Weirdness & Mutations

((Your plain brown scales are hard (AC +5).))
Your body does not fit into most forms of armour.
((You are cold-blooded and may be slowed by cold attacks.))


Message History

Casting: Spider Form
Confirm with . or Enter, or press ? or * to list all spells.
You turn into a venomous arachnid creature.
Your +2 dagger of venom melds into your body.
Your +0 cloak melds into your body.
Your +2 dagger of venom stops dripping with poison.
You are too injured to fight recklessly!
Your transformation is almost over.
The gnoll closely misses you. The gnoll completely misses you.
Items here: ( )) †† a spear; a flail; a stone; a gnoll corpse; a gnoll corpse You are too injured to fight recklessly!
You are too injured to fight recklessly!
You closely miss the gnoll. The gnoll closely misses you.
The gnoll hits you from afar with a spear.
* * * LOW HITPOINT WARNING * * *
You hit the gnoll.
The gnoll is poisoned.
The gnoll is heavily wounded.
The gnoll hits you with a halberd!
You die...

##### ###########
###...### ####.........#
#.......#
.....####>..#####.......#
###### ##.###...........#
##..###.###.......#
#..###..##(†#...###
#######.###..###s######
#...........####g.g.....
#..<.......##...........
#.............###(......
.......>...#### .?.....
)..........# .......
#(.........# .......
#.....>....# .......
#.............


You could see 2 gnolls.

Vanquished Creatures
  Jessica (D:3)
  An orc priest (D:3)
  An orc wizard (D:3)
  Natasha (twice) (D:3)
  4 adders
  2 gnolls (D:3)
  An ooze (D:3)
  2 worms (D:2)
  6 giant geckos
  5 orcs (D:3)
  A giant cockroach (D:1)
  3 hobgoblins
  2 jackals (D:3)
  10 kobolds
  A ball python (D:3)
  9 bats
  3 giant newts
  7 goblins
  A quokka (D:3)
  3 rats
65 creatures vanquished.

Notes
Turn   | Place    | Note
--------------------------------------------------------------
     0 | D:1      | Dargon the Draconian Transmuter began the quest for the Orb.
     0 | D:1      | Reached XP level 1. HP: 16/16 MP: 3/3
   106 | D:1      | Reached XP level 2. HP: 15/23 MP: 5/5
   751 | D:1      | Reached XP level 3. HP: 29/29 MP: 6/6
   866 | D:2      | Reached skill level 4 in Unarmed Combat
   987 | D:2      | Reached XP level 4. HP: 18/37 MP: 7/7
  1267 | D:2      | Found a blossoming altar of Fedhas.
  1462 | D:2      | Learned a level 3 spell: Spider Form
  1567 | D:3      | Noticed Natasha
  1593 | D:3      | Killed Natasha
  1944 | D:3      | Reached skill level 5 in Unarmed Combat
  1944 | D:3      | Reached XP level 5. HP: 43/45 MP: 8/8
  2074 | D:3      | Noticed Natasha
  2075 | D:3      | Noticed Jessica
  2088 | D:3      | Killed Jessica
  2089 | D:3      | Killed Natasha
  2406 | D:3      | Slain by a gnoll

Vault maps used:
D:1:      tarquinn_simple_flora_water_f, minmay_misc_feat_columns
D:2:      kennysheep_decorative_pillar, hangedman_decor_points, fedhas_altar_4
D:3:      first_bread, hangedman_glass_teeth, uniq_natasha, uniq_jessica

Action                   |  1- 3 |  4- 6 || total
-------------------------+-------+-------++-------
Melee: Dagger            |    92 |    95 ||   187
       Unarmed           |     5 |     2 ||     7
 Cast: Spider Form       |       |     1 ||     1
  Use: Scroll            |     4 |     1 ||     5
       Potion            |       |     9 ||     9
 Stab: Sleeping          |     1 |       ||     1
  Eat: Chunk             |       |     4 ||     4
       Beef jerky        |       |     1 ||     1
